 Dungeon Crawl Stone Soup version 0.23.2-1-ga50397a (webtiles) character file.

Game seed: 10613959443283519637

4095 wilfster70 the Grappler (level 10, -1/90 HPs)
             Began as a Troll Monk on May 10, 2019.
             Was a Believer of Hepliaklqana.
             Slain by a white ugly thing (11 damage)
             ... on level 7 of the Dungeon.
             The game lasted 00:23:09 (6676 turns).

wilfster70 the Grappler (Troll Monk)                Turns: 6676, Time: 00:23:10

Health: -1/90      AC:  8    Str: 21    XL:     10   Next: 5%
Magic:  10/10      EV: 10    Int:  9    God:    Hepliaklqana [**....]
Gold:   525        SH:  8    Dex: 12    Spells: 9/9 levels left

rFire    . . .     SeeInvis .     - Unarmed
rCold    + . .     Gourm    +   G - +0 shield
rNeg     + . .     Faith    .   d - +1 robe of the Okapi {rPois rCorr}
rPois    +         Spirit   .   f - +1 hat
rElec    .         Reflect  .   (no cloak)
rCorr    +         Harm     .   (gloves unavailable)
MR       .....                  (boots unavailable)
Stlth    ++........             E - amulet of regeneration
HPRegen  1.05/turn              l - ring of protection from cold
MPRegen  0.12/turn              v - ring of positive energy

@: no status effects
A: large, unfitting armour, reduced essence, claws 3, fast metabolism 3,
gourmand, regeneration 1, shaggy fur 1, tough skin 3
a: Recall Ancestor, Ancestor Identity, Renounce Religion


You were on level 7 of the Dungeon.
You worshipped Hepliaklqana.
Hepliaklqana was pleased with you.
You were full.

You visited 2 branches of the dungeon, and saw 8 of its levels.
You also visited: Sewer.

You collected 525 gold pieces.

Inventory:

Missiles
 m - a throwing net (quivered)
Armour
 d - the +1 robe of the Okapi (worn) {rPois rCorr}
   (You found it on level 5 of the Dungeon)

   It protects you from poison.
   It provides partial protection from all sources of acid and corrosion.
 f - a +1 hat (worn)
 G - a +0 shield (worn)
Jewellery
 g - a +2 ring of strength
 i - an uncursed ring of magical power
 l - a ring of protection from cold (left claw)
 o - an uncursed ring of fire
 v - a ring of positive energy (right claw)
 E - an amulet of regeneration (around neck)
Wands
 n - a wand of scattershot (3)
 s - a wand of paralysis (15)
 u - a wand of disintegration (5)
 C - a wand of flame (21)
 D - a wand of enslavement (5)
Scrolls
 a - 2 scrolls of magic mapping
 p - a scroll of immolation
Potions
 c - a potion of flight {unknown}
 e - a potion of lignification {unknown}
 h - 3 potions of curing
 j - a potion of berserk rage {unknown}
 k - 2 potions of magic
 r - a potion of might
 t - a potion of brilliance {unknown}
 w - a potion of resistance {unknown}
 x - a potion of haste {unknown}
Comestibles
 b - 13 rations


   Skills:
 + Level 6.5 Fighting
 - Level 6.4 Dodging
 - Level 1.0 Stealth
 * Level 1.2 Shields
 - Level 10.0 Unarmed Combat
 + Level 2.1 Invocations
 + Level 1.7 Evocations


You had 9 spell levels left.
You didn't know any spells.
Your spell library was empty.

Dungeon Overview and Level Annotations

Branches:
Dungeon (7/15)             Temple (1/1) D:7

Altars:
Ashenzari
Cheibriados
Dithmenos
Elyvilon
Fedhas
Gozag
Hepliaklqana
Kikubaaqudgha
Makhleb
Nemelex Xobeh
Okawaru
Qazlal
Ru
Sif Muna
Trog
Uskayaw
Vehumet
Wu Jian
Xom
Yredelemnul
Zin
The Shining One

Shops:
D:4 *=:=?


Innate Abilities, Weirdness & Mutations

You are too large for most types of armour.
You have claws for hands.
Your metabolism is lightning-fast.
You like to eat raw meat.
Your natural rate of healing is unusually fast.
You are covered in fur. (AC +1)
You have extremely tough skin. (AC +3)
Your life essence is reduced to manifest your ancestor. (-10% HP)


Message History

The white ugly thing freezes you! You resist.
You claw the white ugly thing!
The white ugly thing is heavily wounded.
The bullfrog hits you. The bullfrog barely misses you.
Cipactli hits the bullfrog with a +0 dagger of draining.
The bullfrog dies!
Your life force feels restored.
The bullfrog hits you.
You block the white ugly thing's attack.
You barely miss the white ugly thing.
The white ugly thing is heavily wounded.
You block the bullfrog's attack. The white ugly thing stings you!
* * * LOW HITPOINT WARNING * * *
The white ugly thing freezes you! You resist.
* * * LOW HITPOINT WARNING * * *
You mangle the white ugly thing!!
The white ugly thing is severely wounded.
You block the bullfrog's attack.
The jelly hits Cipactli.
Cipactli is splashed with acid.
The white ugly thing stings you!
You die...

###.......### ##..[...# .
####......#... #..###.....
.##...#...##..# ##'#.#.....
..§§§###...#... ..#...##...#
#.§§§###.[.##..# ##..##...###..
##§§§§##....#...###.....#.#'#.#..
##...##.....##..#.....#####...##.
##..##.......#.u.FJ.###.#......#.
##.#.........##.@R###...##..#..##
#.............#.#'#......#......#
.......##...[.###.....#..##...###
..........##### ##..###...'.###..
o.........## #..)###÷.###....
>......#...# ##..#.÷)..#.##..
......##...########......###.###.
......##..........##...###...o...
#........#.^.#######.####.#######


You could see the friendly Cipactli the hexer, a white ugly thing, a bullfrog
and a jelly.

Vanquished Creatures
  A hippogriff (D:7)
  Sigmund (D:3)
  6 yaks (D:6)
  Menkaure (D:7)
  Purgy (Sewer)
  2 ice beasts
  An orc warrior (D:7)
  A phantom (D:7)
  4 ogres
  2 bullfrogs
  3 scorpions
  A howler monkey (D:5)
  4 wights
  2 crimson imps
  3 jellies (D:5)
  A quasit (D:7)
  A centaur zombie (D:5)
  3 hounds
  An orc priest (D:4)
  6 orc wizards
  A bullfrog skeleton (D:5)
  3 centaur skeletons
  Ijyb (D:3)
  An iguana (D:5)
  7 worker ants
  A hound skeleton (D:6)
  A worker ant zombie (D:6)
  Robin (D:3)
  15 adders
  2 oozes
  An adder zombie (D:7)
  An adder skeleton (D:7)
  3 worms
  5 dart slugs
  5 leopard geckos
  16 orcs
  14 bats
  7 giant cockroaches
  16 goblins
  7 hobgoblins
  9 jackals
  3 quokkas
  A ball python (D:2)
  6 frilled lizards
  A jackal zombie (D:7)
  7 kobolds
  5 rats
185 creatures vanquished.

Vanquished Creatures (collateral kills)
  A phantom (D:4)
  A bullfrog (D:7)
  A wight (D:7)
  A howler monkey (D:7)
  3 hounds
  An orc wizard (D:7)
  An orc (D:4)
  A jackal (D:4)
10 creatures vanquished.

Vanquished Creatures (others)
  2 hexers (D:7)
2 creatures vanquished.

Grand Total: 197 creatures vanquished

Notes
Turn   | Place    | Note
-------+----------+-------------------------------------------
     0 | D:1      | wilfster70 the Troll Monk began the quest for the Orb.
     0 | D:1      | Reached XP level 1. HP: 22/22 MP: 0/0
   126 | D:1      | Reached XP level 2. HP: 28/29 MP: 1/1
   421 | D:1      | Reached XP level 3. HP: 36/36 MP: 2/2
  1182 | D:2      | Reached skill level 4 in Unarmed Combat
  1326 | D:2      | Reached XP level 4. HP: 43/45 MP: 3/3
  1834 | D:3      | Noticed Sigmund
  1838 | D:3      | Reached XP level 5. HP: 42/53 MP: 4/4
  1853 | D:3      | Killed Sigmund
  1853 | D:3      | Reached skill level 5 in Unarmed Combat
  1853 | D:3      | Reached XP level 6. HP: 45/61 MP: 5/5
  1998 | D:3      | Noticed Ijyb
  2006 | D:3      | Paralysed by Ijyb for 7 turns
  2015 | D:3      | Killed Ijyb
  2309 | D:3      | Noticed Robin
  2324 | D:3      | Killed Robin
  2495 | D:4      | Found Kewkam's Assorted Antiques.
  2546 | D:5      | Entered Level 5 of the Dungeon
  2555 | D:5      | Found a glowing drain.
  2602 | D:5      | Got a tattered robe
  2614 | D:5      | Reached skill level 6 in Unarmed Combat
  2614 | D:5      | Reached XP level 7. HP: 51/68 MP: 6/6
  2663 | Sewer    | Entered a sewer
  2722 | Sewer    | Noticed Purgy
  2742 | Sewer    | Killed Purgy
  3213 | D:5      | Reached skill level 7 in Unarmed Combat
  3341 | D:5      | Reached XP level 8. HP: 55/79 MP: 7/7
  3982 | D:6      | Reached skill level 8 in Unarmed Combat
  4218 | D:6      | Reached skill level 5 in Fighting
  4218 | D:6      | Reached skill level 5 in Dodging
  4230 | D:6      | Reached XP level 9. HP: 59/88 MP: 8/8
  4235 | D:6      | Reached skill level 9 in Unarmed Combat
  4535 | D:6      | Found a deep blue altar of Sif Muna.
  4806 | D:7      | Noticed Menkaure
  4912 | D:7      | Killed Menkaure
  4913 | D:7      | Found a staircase to the Ecumenical Temple.
  4942 | Temple   | Entered the Ecumenical Temple
  4979 | Temple   | Became a worshipper of Hepliaklqana the Forgotten
  4979 | Temple   | Reached * piety under Hepliaklqana
  4979 | Temple   | Reached ** piety under Hepliaklqana
  4982 | Temple   | Remembered your ancestor Cipactli as a hexer
  5005 | D:7      | Reached skill level 10 in Unarmed Combat
  5056 | D:7      | Identified the +1 robe of the Okapi {rPois rCorr} (You
                  | found it on level 5 of the Dungeon)
  5175 | D:4      | Found Guor's Jewellery Shoppe.
  5185 | D:4      | Reached skill level 1 in Invocations
  5197 | D:4      | Found Ykid's Book Boutique.
  5241 | D:4      | Reached skill level 1 in Evocations
  5298 | D:4      | Found Ficwasei's Magic Scroll Shop.
  5319 | D:4      | Found Ymivepo's Jewellery Shoppe.
  6245 | D:7      | HP: 4/82 [orc warrior/+2 battleaxe of chopping (3)]
  6581 | D:6      | Reached XP level 10. HP: 77/90 MP: 10/10
  6640 | D:7      | Reached skill level 1 in Shields
  6666 | D:7      | Noticed a white ugly thing
  6676 | D:7      | Slain by a white ugly thing

Skill      XL: |  1  2  3  4  5  6  7  8  9 10 |
---------------+-------------------------------+-----
Unarmed Combat | 4 5 6 7 8 10 | 10.0
Fighting       | 3 4 5 6 |  6.5
Dodging        | 3 4 5 6 |  6.4
Invocations    | 1 2 |  2.1
Evocations     | 1 |  1.7
Shields        | 1 |  1.2
Stealth        | |  1.0

Action                   |  1- 3 |  4- 6 |  7- 9 | 10-12 || total
-------------------------+-------+-------+-------+-------++-------
Melee: Unarmed           |   113 |   184 |   300 |    22 ||   619
       Punch             |     2 |     2 |    13 |       ||    17
Invok: Recall Ancestor   |       |       |     3 |       ||     3
       Ancestor Life: He |       |       |     1 |       ||     1
  Use: Scroll            |       |     6 |    11 |       ||    17
 Stab: Sleeping          |     1 |     1 |       |       ||     2
       Distracted        |       |       |     1 |       ||     1
  Eat: Chunk             |    15 |    13 |    29 |     6 ||    63
Armor: Robe              |    65 |    60 |   110 |     6 ||   241
Dodge: Dodged            |    71 |    95 |   191 |    13 ||   370
Block: Shield            |       |       |     2 |    10 ||    12
